 Dungeon Crawl Stone Soup version 0.22-a0-149-g870e420 (webtiles) character file.

2137 Slobodan the Conjurer (level 9, 91/91 HPs)
             Began as an Ogre Fire Elementalist on Sept 26, 2017.
             Was an Initiate of Vehumet.
             Quit the game on level 7 of the Dungeon on Feb 7, 2018.
             The game lasted 01:21:46 (9414 turns).

Slobodan the Conjurer (Ogre Fire Elementalist)      Turns: 9414, Time: 01:21:47

Health: 91/91      AC:  6    Str: 14    XL:     9   Next: 30%
Magic:  15/15      EV: 10    Int: 19    God:    Vehumet [......]
Gold:   135        SH:  0    Dex:  9    Spells: 0/16 levels left

rFire    . . .     SeeInvis .   g - +1 quarterstaff
rCold    . . .     Gourm    .   (shield currently unavailable)
rNeg     . . .     Faith    .   a - +1 robe
rPois    .         Spirit   .   E - +2 hat
rElec    .         Reflect  .   (no cloak)
rCorr    .         Harm     .   (gloves unavailable)
MR       .....                  (boots unavailable)
Stlth    +.........             (no amulet)
HPRegen  0.25/turn              d - ring of flight
MPRegen  0.14/turn              (no ring)

@: no status effects
A: large, unfitting armour, tough skin 1
a: Renounce Religion, Evoke Flight


You were on level 7 of the Dungeon.
You worshipped Vehumet.
Vehumet was noncommittal.
You were not hungry.

You visited 2 branches of the dungeon, and saw 8 of its levels.
You also visited: Ossuary.

You collected 585 gold pieces.
You spent 450 gold pieces at shops.

Inventory:

Hand Weapons
 g - a +1 quarterstaff (weapon)
Armour
 a - a +1 robe (worn)
 E - a +2 hat (worn)
Jewellery
 d - a ring of flight (left hand)
 w - an uncursed amulet of faith {unknown}
Wands
 i - a wand of polymorph (13)
Scrolls
 f - 2 scrolls of removedness
 m - a scroll of magic mapping {unknown}
 q - 2 scrolls of remove curse
 t - a scroll of teleportation
 x - a scroll of fear
 y - a scroll of fog {unknown}
Potions
 e - a potion of ambrosia {unknown}
 k - 8 potions of curing
 l - 2 potions of brilliance
 n - 2 potions of agility
 o - 4 potions of resistance {unknown}
 p - a potion of lignification {unknown}
 r - a potion of magic {unknown}
 u - 2 potions of flight {unknown}
 v - 4 potions of haste
 z - 5 potions of heal wounds
 A - 2 potions of mutation {unknown}
 B - 2 potions of cancellation
 C - 2 potions of invisibility {unknown}
 D - a potion of might
Books
 b - a book of Flames

   Spells                             Type                      Level
   a - Flame Tongue                   Conjuration/Fire             1
   b - Throw Flame                    Conjuration/Fire             2
   c - Conjure Flame                  Conjuration/Fire             3
   d - Inner Flame                    Hexes/Fire                   3
   e - Sticky Flame                   Conjuration/Fire             4
   f - Fireball                       Conjuration/Fire             5
 h - a book of Minor Magic

   Spells                             Type                      Level
   a - Magic Dart                     Conjuration                  1
   b - Blink                          Translocation                2
   c - Call Imp                       Summoning                    2
   d - Slow                           Hexes                        2
   e - Conjure Flame                  Conjuration/Fire             3
   f - Mephitic Cloud                 Conjuration/Poison/Air       3
Comestibles
 c - 4 rations
 s - 3 rations


   Skills:
 + Level 6.3 Fighting
 - Level 1.7 Dodging
 - Level 1.4 Stealth
 - Level 4.1 Spellcasting
 + Level 6.8 Conjurations
 - Level 2.0 Summonings
 - Level 1.0 Translocations
 + Level 6.7 Fire Magic


You couldn't memorise any spells.
You knew the following spells:

 Your Spells              Type           Power        Failure   Level  Hunger
a - Flame Tongue          Conj/Fire      ####.        1%          1    None
b - Conjure Flame         Conj/Fire      ####....     2%          3    ###....
c - Magic Dart            Conj           ####         1%          1    None
d - Call Imp              Summ           ##......     9%          2    ##.....
e - Blink                 Tloc           N/A          14%         2    ##.....
f - Sticky Flame          Conj/Fire      ####....     9%          4    ####...
g - Mephitic Cloud        Conj/Pois/Air  ##......     16%         3    ###....


Dungeon Overview and Level Annotations

Branches:
Dungeon (7/15)             Temple (1/1) D:6

Altars:
Ashenzari
Cheibriados
Dithmenos
Elyvilon
Fedhas
Gozag
Hepliaklqana
Kikubaaqudgha
Makhleb
Nemelex Xobeh
Okawaru
Qazlal
Ru
Sif Muna
Uskayaw
Vehumet
Wu Jian
Xom
Yredelemnul
Zin
The Shining One

Shops:
D:7 !


Innate Abilities, Weirdness & Mutations

You are too large for most types of armour.
You have tough skin. (AC +1)


Message History

You feel sick.
You feel sick.
You feel sick.
You start resting.
You feel sick. x3
You are no longer poisoned.
You start resting.
Magic restored.
You start resting.
You are feeling hungry.
You eat the royal jelly.
That royal jelly was delicious!
You start resting.
HP restored.
Save game and exit?
Welcome back, Slobodan the Ogre Fire Elementalist.
Vehumet says: Let it end in hellfire!
Press ? for a list of commands and other information.
Quiver which item? (- for none, * to show all) (? for menu, Esc to quit)
Okay, then.
Are you sure you want to abandon this character and quit the game? (Confirm with "yes".)

#.##........<...#.# #.##.#....
##.###...........#.####.##.#####
#........................#.#
######.#######.###.####..#.# #.#
#####.###.#...).#.## #.#
#.......#.#.#...#..# #.#
#.###.#.#.#.#...##.# #.# #.#
#.#.#.#.#...##.#### #.# #.#
#>@................ #.# #.#
#.#.#.#.#...##.#### #.# #.#
#.#.#.#.#...##.# #.# #.#
#.#.#.#.#...##.# #.#
#.###.#.#.#.#...##.# #.#
#...#.#.#.#.#...##.#### #.#
#...#.#<#.#.#...##..... #.#
#...#.###.#.#...####### #.#
#......................


There were no monsters in sight!

Vanquished Creatures
  An orc warrior (D:6)
  An ice beast (D:5)
  2 ogres (D:7)
  2 centaurs (D:5)
  4 bullfrogs
  4 killer bees (D:7)
  2 scorpions
  A howler monkey (D:4)
  3 crimson imps
  3 orc priests
  2 hounds
  A bullfrog skeleton (D:5)
  5 orc wizards
  4 iguanas
  5 worker ants
  A mummy (Ossuary)
  A gnoll (D:2)
  5 adders
  2 shadow imps (D:5)
  2 oozes
  An adder zombie (D:5)
  2 worms
  3 dart slugs
  3 leopard geckos
  14 orcs
  4 giant cockroaches
  4 goblins
  3 hobgoblins
  7 kobolds
  6 quokkas
  3 ball pythons
  6 bats
  4 frilled lizards
  A gnoll skeleton (Ossuary)
  A jackal skeleton (D:5)
  A kobold skeleton (Ossuary)
  9 orc skeletons (Ossuary)
  4 rats
127 creatures vanquished.

Vanquished Creatures (collateral kills)
  3 ogres
  Blork the orc (D:4)
  2 crimson imps
  An orc priest (D:4)
  3 orcs (D:5)
  7 gnoll skeletons (Ossuary)
  A kobold skeleton (Ossuary)
  6 orc skeletons (Ossuary)
24 creatures vanquished.

Grand Total: 151 creatures vanquished

Notes
Turn   | Place    | Note
-------+----------+-------------------------------------------
     0 | D:1      | Slobodan the Ogre Fire Elementalist began the quest for the Orb.
     0 | D:1      | Reached XP level 1. HP: 16/16 MP: 3/3
    41 | D:1      | Reached skill level 1 in Conjurations
    83 | D:1      | Reached XP level 2. HP: 6/24 MP: 0/5
  1121 | D:2      | Reached XP level 3. HP: 31/31 MP: 2/7
  1126 | D:2      | Learned a level 3 spell: Conjure Flame
  1584 | D:2      | Found a snail-covered altar of Cheibriados.
  2520 | D:3      | Reached XP level 4. HP: 39/39 MP: 6/8
  2633 | D:3      | Found a glowing silver altar of Zin.
  2659 | D:3      | Found a faded altar of an unknown god.
  2769 | D:3      | Learned a level 1 spell: Magic Dart
  2772 | D:3      | Learned a level 2 spell: Call Imp
  2874 | D:4      | Noticed Blork the orc
  2933 | D:4      | Found a stormy altar of Qazlal.
  3314 | D:4      | Noticed an ogre
  3340 | D:4      | Killed an ogre
  3340 | D:4      | Reached skill level 1 in Summonings
  3340 | D:4      | Reached XP level 5. HP: 11/45 MP: 0/9
  3578 | D:4      | Noticed an ogre
  3599 | D:4      | Killed an ogre
  3669 | D:4      | Reached XP level 6. HP: 41/53 MP: 2/10
  4050 | D:4      | Learned a level 2 spell: Blink
  4548 | D:4      | Reached skill level 1 in Translocations
  4645 | D:3      | Reached XP level 7. HP: 28/59 MP: 9/12
  4851 | D:4      | Killed Blork the orc
  4917 | D:5      | Entered Level 5 of the Dungeon
  5106 | D:5      | Found a shadowy altar of Dithmenos.
  5233 | D:5      | Found a sand-covered staircase.
  5242 | Ossuary  | Entered an ossuary
  5242 | Ossuary  | Noticed a wraith
  5242 | Ossuary  | Noticed a wraith
  5242 | Ossuary  | Noticed a wraith
  5687 | Ossuary  | Noticed a wraith
  5962 | D:5      | Reached skill level 1 in Fighting
  6183 | D:5      | Reached skill level 5 in Conjurations
  6183 | D:5      | Reached skill level 5 in Fire Magic
  6183 | D:5      | Reached XP level 8. HP: 74/74 MP: 4/14
  6351 | D:5      | Learned a level 4 spell: Sticky Flame
  7027 | D:6      | Found a burning altar of Makhleb.
  7770 | D:6      | Reached skill level 5 in Fighting
  7868 | D:6      | Found a staircase to the Ecumenical Temple.
  7877 | Temple   | Entered the Ecumenical Temple
  7956 | Temple   | Became a worshipper of Vehumet
  8269 | D:7      | Found Uratwuic's Distillery.
  8272 | D:7      | Bought a potion of curing for 45 gold pieces
  8272 | D:7      | Bought a potion of curing for 45 gold pieces
  8272 | D:7      | Bought a potion of agility for 60 gold pieces
  8272 | D:7      | Bought a potion of curing for 45 gold pieces
  8272 | D:7      | Bought a potion of heal wounds for 75 gold pieces
  8272 | D:7      | Bought a potion of might for 60 gold pieces
  8272 | D:7      | Bought a potion of cancellation for 120 gold pieces
  8365 | D:7      | Reached XP level 9. HP: 79/88 MP: 10/15
  8401 | D:7      | Learned a level 3 spell: Mephitic Cloud
  8475 | D:7      | Found an ancient bone altar of Kikubaaqudgha.
  8475 | D:7      | Found a sacrificial altar of Ru.
  9414 | D:7      | Upgraded the game from 0.21-a0-286-g6fcecc0 to 0.22-a0-149-g870e420
  9414 | D:7      | Quit the game

Vault maps used:
D:1:      roderic_chinese_lattice_arrival
D:2:      old_standard_altar
D:3:      zin_treasury, chequers_ecumenical_altar_simple_redux,
          grunt_decor_arrowhead
D:4:      overflow_temple_1_default, first_bread, hangedman_decor_opposing,
          uniq_blork_the_orc
D:5:      grunt_dithmenos_shadows, enter_ossuary_1
D:6:      temple_fountains, bloody_makhleb
D:7:      gammafunk_temple_overflow_wave, serial_shops,
          nicolae_shop_window_shopping
Temple:   eino_temple_scatter_basement
Ossuary:  ossuary_due_mausoleum

Skill      XL: |  1  2  3  4  5  6  7  8  9 |
---------------+----------------------------+-----
Conjurations   | 1 2 3 4 5 6 |  6.8
Fire Magic     | 3 4 5 6 |  6.7
Spellcasting   | 3 4 |  4.1
Summonings     | 1 2 |  2.0
Translocations | 1 |  1.0
Fighting       | 2 5 6 |  6.3
Dodging        | |  1.7
Stealth        | |  1.4

Action                   |  1- 3 |  4- 6 |  7- 9 || total
-------------------------+-------+-------+-------++-------
Melee: Whip              |    54 |       |       ||    54
       Quarterstaff      |    26 |    32 |    99 ||   157
Throw: Throwing net      |     2 |       |       ||     2
 Cast: Flame Tongue      |    70 |    54 |    95 ||   219
       Conjure Flame     |     1 |     4 |     4 ||     9
       Magic Dart        |       |    23 |    59 ||    82
       Call Imp          |       |    11 |    42 ||    53
       Blink             |       |       |     4 ||     4
       Sticky Flame      |       |       |     8 ||     8
       Mephitic Cloud    |       |       |     2 ||     2
  Use: Scroll            |     4 |     3 |     8 ||    15
       Potion            |       |       |     2 ||     2
 Stab: Sleeping          |     2 |       |     1 ||     3
  Eat: Chunk             |     5 |     7 |    11 ||    23
       Buggy fruit       |       |     1 |     3 ||     4
       Buggy jelly       |       |       |     3 ||     3
Armor: Robe              |    38 |     8 |    33 ||    79
Dodge: Dodged            |    78 |    25 |    72 ||   175

Table legend:
 A = Spawn XP
 B = Non-spawn XP
 C = Spawn XP percentage of total XP
 D = Spawn monster count
 E = Non-spawn monster count
 F = Spawn count percentage of total count
 G = Total turns spent on level
                    A         B        C        D         E        F      G
               +---------+---------+-------+---------+---------+-------+---------
         Total |       0 |    3054 |   0.0 |       0 |     151 |   0.0 |  9414
               +---------+---------+-------+---------+---------+-------+---------
           D:1 |       0 |      31 |   0.0 |       0 |      17 |   0.0 |  1330
           D:2 |       0 |      44 |   0.0 |       0 |      16 |   0.0 |  1121
           D:3 |       0 |      77 |   0.0 |       0 |      14 |   0.0 |   981
           D:4 |       0 |     559 |   0.0 |       0 |      23 |   0.0 |  1485
           D:5 |       0 |     752 |   0.0 |       0 |      26 |   0.0 |  1535
           D:6 |       0 |     711 |   0.0 |       0 |      16 |   0.0 |   959
           D:7 |       0 |     842 |   0.0 |       0 |      13 |   0.0 |  1338
       Ossuary |       0 |      38 |   0.0 |       0 |      26 |   0.0 |   565
               +---------+---------+-------+---------+---------+-------+---------
